AoeStats
← reev699169

Arena

507989996Analyzed
3v3 RM · 11d ago on Sep 20, 2026· 44m 26s· 6 players
Game mode
Random Map
Map size
Normal (6 player)
Population
200
Speed
Normal
Resources
Standard
Victory
Conquest
Starting age
Dark Age
Ending age
Imperial Age
RankedLock teamsTeams togetherTeam positionsShared explorationLock speedFull tech treeHidden civsTurbo modeCheats
Victory
Defeat
🇨🇳 Huns · China
972
+17
🇨🇳 Goths · China
935
+19
🇨🇳 Spanish · China
928
+18
🇨🇳 Franks · China
997
-18
🇹🇼 Khitans · Taiwan
991
-18
🇨🇳 Wei · China
987
-18
Ender_
9:10 Feudal Age
9:36 Double-Bit Axe
9:42 Horse Collar
11:17 Gold Mining
11:22 Stone Mining
14:57 Wheelbarrow
19:05 Castle Age
19:23 Fletching
20:18 Bodkin Arrow
20:47 Bow Saw
20:43 Heavy Plow
21:01 Bow Saw
21:34 Padded Archer Armor
22:45 Hand Cart
23:28 Leather Archer Armor
24:20 Thumb Ring
27:14 Ballistics
26:40 Treadmill Crane
27:35 Scale Barding Armor
30:27 Husbandry
30:38 Bloodlines
32:22 Chain Barding Armor
32:13 Forging
31:52 Loom
31:53 Town Watch
35:06 Imperial Age
32:56 Tuntian
35:18 Iron Casting
36:08 Bracer
37:15 Blast Furnace
36:51 Ring Archer Armor
39:53 Gold Shaft Mining
39:49 Crop Rotation
一直嬉皮笑臉
3:50 Loom
12:21 Feudal Age
16:39 Castle Age
14:26 Double-Bit Axe
14:51 Domestication
19:05 Bow Saw
19:44 Wheelbarrow
23:59 Gold Mining
24:01 Stone Mining
27:37 Squires
27:22 Arson
29:11 Stone Shaft Mining
31:27 Imperial Age
28:41 Pikeman
30:30 Scale Mail Armor
30:41 Forging
30:22 Fletching
30:33 Padded Archer Armor
31:06 Ballistics
30:28 Treadmill Crane
30:59 Masonry
31:51 Lamellar Armor
32:36 Conscription
32:34 Hand Cart
32:45 Elite Fire Lancer
33:58 Pastoralism
35:04 Two-Man Saw
35:08 Chemistry
34:59 Elite Steppe Lancer
35:41 Husbandry
37:22 Iron Casting
37:09 Guilds
37:12 Scale Barding Armor
39:43 Ordo Cavalry
39:29 Elite Skirmisher
40:43 Fortified Wall
42:32 Chain Barding Armor
42:09 Bodkin Arrow
42:50 Light Cavalry
1169656596
11:24 Feudal Age
11:40 Loom
12:03 Loom
18:01 Castle Age
16:34 Stone Mining
22:19 Town Watch
27:28 Scale Barding Armor
29:09 Fletching
29:14 Double-Bit Axe
30:51 Gold Mining
31:13 Bow Saw
34:57 Imperial Age
33:44 Chain Barding Armor
34:56 Wheelbarrow
34:48 Ballistics
34:56 Husbandry
35:26 Forging
35:07 Cavalier
36:49 Pikeman
37:31 Squires
39:04 Conscription
40:48 Iron Casting
40:35 Hand Cart
40:21 Town Patrol
42:44 Gold Shaft Mining
42:13 Caravan
41:57 Paladin
44:34 Blast Furnace
43:41 Chivalry
lunb829195
11:11 Feudal Age
16:00 Castle Age
14:33 Stone Mining
14:50 Loom
14:55 Double-Bit Axe
15:16 Horse Collar
20:35 Gold Mining
21:19 Scale Barding Armor
23:10 Wheelbarrow
23:31 Fletching
32:16 Imperial Age
30:32 Padded Archer Armor
30:28 Bodkin Arrow
31:00 Elite Skirmisher
32:16 Hand Cart
32:13 Town Watch
33:03 Leather Archer Armor
33:30 Bloodlines
34:26 Ring Archer Armor
35:50 Husbandry
37:47 Bow Saw
37:40 Heavy Plow
37:09 Elite Conquistador
38:19 Ballistics
38:26 Thumb Ring
38:46 Conscription
38:58 Bracer
40:39 Chemistry
42:48 Two-Man Saw
42:29 Stone Shaft Mining
42:19 Chain Barding Armor
42:09 Forging
43:08 Town Patrol
43:47 Plate Barding Armor
reev699169
1:11 Loom
11:14 Feudal Age
16:08 Castle Age
14:26 Horse Collar
14:45 Double-Bit Axe
15:19 Gold Mining
20:52 Wheelbarrow
21:35 Stone Mining
24:23 Loom
30:33 Imperial Age
28:29 Hand Cart
28:34 Bow Saw
29:24 Marauders
29:45 Scale Barding Armor
29:50 Forging
30:20 Husbandry
30:31 Bloodlines
31:27 Gold Shaft Mining
32:32 Conscription
32:01 Elite Tarkan
33:32 Iron Casting
33:39 Chain Barding Armor
35:37 Blast Furnace
36:19 Two-Man Saw
35:58 Plate Barding Armor
39:29 Scale Mail Armor
40:00 Pikeman
40:41 Squires
40:26 Arson
42:17 Halberdier
opwo175712
11:19 Feudal Age
16:22 Castle Age
14:11 Horse Collar
15:19 Loom
15:34 Stone Mining
22:58 Heavy Plow
23:32 Gold Mining
24:31 Scale Mail Armor
26:40 Stone Shaft Mining
27:12 Anarchy
31:08 Wheelbarrow
30:59 Double-Bit Axe
34:26 Imperial Age
33:04 Forging
33:51 Chain Mail Armor
35:35 Bow Saw
37:48 Squires
37:09 Pikeman
38:29 Iron Casting
43:11 Perfusion
43:32 Conscription
44:37 Two-Man Saw
45:07 Blast Furnace
Connection lost

Rejoining the realm…

Still unreachable

The connection could not be restored.

Session expired

The server has moved on; the page needs a fresh start.